 Dungeon Crawl Stone Soup version 0.29.0-5-ge4962eb29e (webtiles) character file.

Game seed: 17523076846197459102

107 ImASeal the Magician (level 5, -6/35 HPs)
             Began as a Djinni Earth Elementalist on Aug 28, 2022.
             Was a Believer of Dithmenos.
             Mangled by a hell rat (13 damage)
             ... in a sewer.
             The game lasted 00:20:11 (3147 turns).

ImASeal the Magician (Djinni Earth Elementalist)    Turns: 3147, Time: 00:20:14

Health: -6/35      AC:  3    Str:  7    XL:     5   Next: 10%
Gold:   64         EV: 13    Int: 18    God:    Dithmenos [**....] SH:  0 Dex: 20

rFire   + + .      SeeInvis .   b - +0 whip
rCold   x . .      Faith    .   (no shield)
rNeg    . . .      Spirit   .   a - +0 robe
rPois   ∞          Reflect  .   (no helmet)
rElec   .          Harm     .   j - +0 cloak
rCorr   .          Rampage  .   (no gloves)
Will    .....                   (boots unavailable)
Stlth   +++.......              (no amulet)
HPRegen 0.11/turn               k - +6 ring of dexterity
MPRegen 0.00/turn               (no ring)

@: flying, very slightly contaminated, wreathed by umbra
A: sickness immunity, fire resistance 2, cold vulnerability 1, float, innate
caster, HP casting, extra vitality 1
a: Renounce Religion, Shadow Step


You were in a sewer.
You worshipped Dithmenos.
Dithmenos was pleased with you.
You visited 1 branch of the dungeon, and saw 3 of its levels.
You also visited: Sewer.

You collected 168 gold pieces.
You spent 104 gold pieces at shops.

Inventory:

Hand Weapons
 b - a +0 whip (weapon)
Armour
 a - a +0 robe (worn)
 j - a +0 cloak (worn)
Jewellery
 k - a +6 ring of dexterity (left hand)
Scrolls
 c - a scroll of fog {unknown}
 d - a scroll of noise {unknown}
 e - a scroll of identify
 g - a scroll of silence {unknown}
 h - 2 scrolls of amnesia {unknown}
 i - 2 scrolls of teleportation {unknown}
 l - a scroll of summoning {unknown}
 o - a scroll of enchant armour {unknown}
 p - a scroll of vulnerability {unknown}
Potions
 f - a potion of lignification
 m - a potion of curing


   Skills:
 + Level 2.5 Dodging
 + Level 1.8 Stealth
 + Level 4.0 Spellcasting


You couldn't memorise any spells.
You knew the following spells:

 Your Spells              Type           Power      Damage    Failure   Level
a - Sandblast             Erth           36%        2d10      2%          1
b - Passwall              Tmut/Erth      15%        N/A       4%          2
c - Stone Arrow           Conj/Erth      36%        3d9       9%          3
d - Petrify               Tmut/Erth      18%        N/A       28%         4
e - Slow                  Hex            72%        N/A       2%          1
f - Wereblood             Tmut           18%        N/A       4%          2
Your spell library was empty.

Dungeon Overview and Level Annotations

Branches:
Dungeon (3/15)              Sewer (1/1)

Altars:
Dithmenos

Shops:
D:2 !


Innate Abilities, Weirdness & Mutations

You are immune to sickness and miasma.
You are immune to poison.
Your flesh is very heat resistant. (rF++)
You are vulnerable to cold. (rC-)
You float through the air rather than walking.
You learn spells naturally, not from books.
Your magical power is your life essence.
You have superior vitality. (+4 MHP)


Message History

You miscast Stone Arrow.
You are very lightly contaminated with residual magic.
Nothing appears to happen.
Found a cyan potion, 11 gold pieces and a scroll labelled PEUJYVUAX.
You hit the hell rat but do no damage. The hell rat bites you.
Casting: Stone Arrow (dangerous; 9% risk of failure)
Confirm with . or Enter, or press ? or * to list all spells.
Aiming: Stone Arrow (dangerous; 9% risk of failure)
Press: ? - help, Shift-Dir - straight line, f/p - hell rat
Aim: a hell rat (umbra, 68% to hit)
The stone arrow hits the hell rat!
The hell rat is heavily wounded.
The hell rat bites you!
You feel much better. The hell rat bites you!
Casting: Stone Arrow (dangerous; 9% risk of failure)
Confirm with . or Enter, or press ? or * to list all spells.
Okay, then.
Casting: Stone Arrow (dangerous; 9% risk of failure)
Confirm with . or Enter, or press ? or * to list all spells.
The spell is extremely dangerous to miscast (28% risk of failure)!
Continue anyway?
Aiming: Petrify (extremely dangerous; 28% risk of failure)
Press: ? - help, Shift-Dir - straight line, f/p - hell rat
Aim: a hell rat (heavily wounded, umbra, chance to affect: 50%)
The hell rat resists with significant effort.
* * * LOW HITPOINT WARNING * * *
The hell rat closely misses you. The hell rat barely misses you.
Casting: Petrify (extremely dangerous; 28% risk of failure)
Confirm with . or Enter, or press ? or * to list all spells.
The spell is extremely dangerous to miscast (28% risk of failure)!
Continue anyway?
Okay, then.
Casting: Petrify (extremely dangerous; 28% risk of failure)
Confirm with . or Enter, or press ? or * to list all spells.
The spell is extremely dangerous to miscast (28% risk of failure)!
Continue anyway?
Aiming: Petrify (extremely dangerous; 28% risk of failure)
Press: ? - help, Shift-Dir - straight line, f/p - hell rat
Aim: a hell rat (heavily wounded, umbra, chance to affect: 50%)
The hell rat resists with significant effort.
* * * LOW HITPOINT WARNING * * *
The hell rat bites you!
You die...

#########
###~~.~.~.###
#.~..~@.~~..###
~~...##r##~.~~.#
~~~ #.~~###~~~##
~ .~~~~~ ##†..# ~
~..~~~.~ #~..#
~~##.!?!!$~##~~~#
~~~###!∩?###.†.##
~.~..#####.~.~~#
#..~.~∩~.~.~###


You could see a hell rat.

Vanquished Creatures
  3 adders (D:2)
  2 river rats (Sewer)
  2 worms
  6 orcs
  3 ball pythons
  4 endoplasms
  2 giant cockroaches
  3 goblins (D:2)
  6 hobgoblins
  3 jackals (D:2)
  2 kobolds (D:1)
  2 quokkas
  4 bats
  7 rats
49 creatures vanquished.

Vanquished Creatures (others)
  16 plants
16 creatures vanquished.

Grand Total: 65 creatures vanquished

Notes
Turn   | Place    | Note
-------+----------+-------------------------------------------
     0 | D:1      | ImASeal the Djinni Earth Elementalist began the quest for
                  | the Orb.
     0 | D:1      | ImASeal set off with the following spells memorised:
                  | Sandblast, Passwall, Stone Arrow, Petrify.
     0 | D:1      | Reached XP level 1. HP: 15/15 MP: 0/0
   276 | D:1      | Reached XP level 2. HP: 20/21 MP: 0/0
   309 | D:1      | Found a faded altar of an unknown god.
   820 | D:1      | Reached skill level 3 in Spellcasting
  1148 | D:1      | Prayed at the altar of an unknown god.
  1148 | D:1      | Became a worshipper of Dithmenos the Shadowed
  1148 | D:1      | Reached * piety under Dithmenos
  1340 | D:2      | Reached XP level 3. HP: 22/25 MP: 0/0
  1340 | D:2      | Learned a level 1 spell: Slow
  1428 | D:2      | Found Cafas's Distillery.
  1752 | D:2      | Bought a potion of curing for 39 gold pieces
  1752 | D:2      | Bought a potion of heal wounds for 65 gold pieces
  2015 | D:2      | Reached XP level 4. HP: 29/31 MP: 0/0
  2734 | D:3      | Found a glowing drain.
  2963 | Sewer    | Entered a sewer
  3015 | Sewer    | Reached XP level 5. HP: 32/35 MP: 0/0
  3015 | Sewer    | Learned a level 2 spell: Wereblood
  3019 | Sewer    | Reached skill level 4 in Spellcasting
  3119 | Sewer    | Reached ** piety under Dithmenos
  3147 | Sewer    | Mangled by a hell rat

Illustrated notes

Levels and vault maps discovered:
D:1:      elethiomel_arrival_infinity_welcomes_careful_drivers,
          layout_loops_ring, hellmonk_ecumenical_altar_heavens_door,
          hangedman_decor_lopped
D:2:      layout_loops_cross, serial_shops, nicolae_shop_hallway_plus,
          serial_forest, infiniplex_forest_zigzag_1, infiniplex_forest_clump_C,
          infiniplex_forest_end_1, infiniplex_forest_zigzag_1,
          infiniplex_forest_zigzag_1, infiniplex_forest_lined_3_way,
          infiniplex_forest_clump_small
D:3:      cheibrodos_old_hovel, layout_rooms, nemelex_altar_shiori,
          cheibrodos_sewer_entry_drain, corner_web_ring, minmay_bisected
Sewer:    sewer_hellmonk_bad_rat

Skill      XL: |  1  2  3  4  5 |
---------------+----------------+-----
Spellcasting   | 3 4 |  4.0
Dodging        | |  2.5
Stealth        | |  1.8

Action                   |  1- 3 |  4- 6 || total
-------------------------+-------+-------++-------
Melee: Whip              |     1 |     1 ||     2
 Cast: Sandblast         |    57 |    20 ||    77
       Stone Arrow       |       |    13 ||    13
       Petrify           |       |     2 ||     2
  Use: Scroll            |       |     1 ||     1
       Potion            |       |     1 ||     1
Armor: Robe              |     8 |     2 ||    10
Dodge: Dodged            |    26 |    10 ||    36
